 Dungeon Crawl Stone Soup version 0.30.1 (webtiles) character file.

Game seed: 13496805593127702107

551 growler the Conjurer (level 7, -7/50 HPs)
             Began as a White Draconian Conjurer on July 9, 2023.
             Mangled by Edmund
             ... wielding a +0 flail of protection
              (11 damage)
             ... on level 5 of the Dungeon.
             The game lasted 00:11:50 (4688 turns).

growler the Conjurer (White Draconian Conjurer)     Turns: 4688, Time: 00:11:52

Health: -7/50      AC:  6    Str: 15    XL:     7   Next: 7%
Magic:  10/14      EV: 12    Int: 20    God:
Gold:   286        SH:  0    Dex: 10    Spells: 2/16 levels left

rFire   . . .        g - staff of conjuration
rCold   + . .        (no shield)
rNeg    . . .        (body armour unavailable)
rPois   .            (helmet restricted)
rElec   .            (no cloak)
rCorr   .            (no gloves)
SInv    +            (no boots)
Will    .....        (no amulet)
Stlth   ++           m - ring of see invisible
HPRegen 0.28/turn    o - +6 ring of strength
MPRegen 0.14/turn

%: no passive effects
@: short of breath, very slightly contaminated
A: breathe frost, AC +6, unfitting armour, cold resistance 1, cold-blooded
a: Breathe Frost


You were on level 5 of the Dungeon.
You visited 1 branch of the dungeon, and saw 6 of its levels.

You collected 286 gold pieces.

Inventory:

Hand Weapons
 d - a +2 dagger of venom
Magical Staves
 g - a staff of conjuration (weapon)
Jewellery
 m - a ring of see invisible (left hand)
 o - a +6 ring of strength (right hand)
 q - a +6 ring of dexterity
 t - a ring of flight
Wands
 A - a wand of mindburst (10)
Scrolls
 b - a scroll of magic mapping {unknown}
 c - 2 scrolls of identify
 e - a scroll of acquirement {unknown}
 f - a scroll of fog {unknown}
 h - a scroll of blinking {unknown}
 i - a scroll of vulnerability {unknown}
 j - a scroll of noise {unknown}
 k - a scroll of enchant armour
 p - 2 scrolls of amnesia {unknown}
 u - a scroll of enchant weapon {unknown}
 x - a scroll of immolation {unknown}
 y - a scroll of teleportation {unknown}
Potions
 a - 2 potions of magic
 l - 2 potions of cancellation
 n - a potion of brilliance
 r - a potion of flight
 s - 2 potions of heal wounds
 v - 2 potions of curing {unknown}
 w - 2 potions of might {unknown}
 z - a potion of resistance {unknown}


   Skills:
 - Level 1.7 Dodging
 - Level 1.7 Stealth
 - Level 5.0 Spellcasting
 + Level 6.9 Conjurations


You had 2 spell levels left.
You knew the following spells:

 Your Spells              Type           Power      Damage    Failure   Level
a - Magic Dart            Conj           100%       1d8       1%          1
b - Searing Ray           Conj           98%        2d8       1%          2
c - Dazzling Flash        Conj/Hex       56%        N/A       9%          3
d - Fulminant Prism       Conj/Hex       14%        3d9       28%         4
e - Iskenderun's Mystic   Conj/Tloc      28%        2d7       28%         4

Your spell library contained the following spells:

 Spells                   Type           Power      Damage    Failure   Level
 Lesser Beckoning         Tloc           10%        N/A       17%         2
 Gell's Gravitas          Tloc           5%         N/A       34%         3
 Teleport Other           Tloc           5%         N/A       34%         3
 Vhi's Electric Charge    Tloc/Air       10%        N/A       34%         3
 Volatile Blastmotes      Fire/Tloc      10%        2d10      34%         3
 Arcjolt                  Conj/Air       14%        1d24      61%         5
 Lee's Rapid Deconstruct  Erth           2%         3d5*      97%         5
 Maxwell's Capacitive Co  Air            2%         ∞         100%        8


Dungeon Overview and Level Annotations

Branches:
Dungeon (6/15)
 Temple: D:4-7

Altars:

Annotations:
D:5 Edmund


Innate Abilities, Weirdness & Mutations

You can breathe waves of freezing cold which knock back foes.
Your icy white scales are hard. (AC +6)
You cannot fit into any form of body armour.
Your flesh is cold resistant. (rC+)
You are cold-blooded and may be slowed by cold attacks.


Message History

Edmund says, "A flail is better than a scythe, any day of the week!"
Edmund attacks as you move away!
Edmund hits you with a +0 flail of protection.
Edmund attacks as you move away!
Edmund hits you with a +0 flail of protection.
Edmund attacks as you move away! Edmund hits you but does no damage.
Edmund attacks as you move away! Edmund barely misses you.
Edmund attacks as you move away! Edmund closely misses you.
Casting: Searing Ray (safe; 1% risk of failure)
Confirm with . or Enter, or press ? or * to list all spells.
The spell is quite dangerous to miscast (28% risk of failure)!
Continue anyway?
You feel a surge of power!
You miscast Iskenderun's Mystic Blast.
You are very lightly contaminated with residual magic.
You feel a strange surge of energy!
* * * LOW HITPOINT WARNING * * *
Edmund closely misses you.
Unknown command.
Magic courses through your body.
Edmund hits you with a +0 flail of protection.
* * * LOW HITPOINT WARNING * * *
Casting: Iskenderun's Mystic Blast (quite dangerous; 28% risk of failure)
Confirm with . or Enter, or press ? or * to list all spells.
The spell is quite dangerous to miscast (28% risk of failure)!
Continue anyway?
You feel a surge of power!
You miscast Iskenderun's Mystic Blast.
Nothing appears to happen.
You have got your breath back.
Edmund hits you with a +0 flail of protection.
* * * LOW HITPOINT WARNING * * *
Unknown command.
Casting: Iskenderun's Mystic Blast (quite dangerous; 28% risk of failure)
Confirm with . or Enter, or press ? or * to list all spells.
You don't know that spell.
Unknown command.
Aiming: Breathe Frost (5% risk of failure)
Press: ? - help, Shift-Dir - straight line, f/p - Edmund
Aim: Edmund, wielding a +0 flail of protection and wearing a +0 ring mail (heavily wounded, 72% to hit)
You exhale a wave of freezing cold.
The freezing breath hits Edmund.
Edmund is severely wounded.
Edmund hits you with a +0 flail of protection!
You die...

.####......
###...#.######....
....'......
..................
.####>.....
#.#...#.#########. ##
..... #.##.##.# #....
# .... #.###...# #.#..
# ... #.# #.#.# #.#.#
# #+# ####.# #.#.#
#.#.# #
#.###.##.###.#.# #....
# #.##.#.#@......#
###.# ####
##......@.###.### #.#
...# ##...##........#
#.#
##.####.....#.#..#####
#.# ##.............#.#
#.# ...######........#
#.. ##.# ##########
### ...# ####


You could see Edmund.

Vanquished Creatures
  Eustachio (D:4)
  An ogre (D:4)
  A scorpion (D:3)
  3 jellies (D:5)
  Robin (D:2)
  6 adders
  An ufetubus (D:5)
  5 worms
  2 dart slugs
  2 ball pythons (D:2)
  2 endoplasms (D:4)
  3 giant cockroaches
  12 hobgoblins
  4 jackals (D:2)
  4 kobolds
  3 quokkas
  3 bats
  5 frilled lizards
  10 goblins
  6 rats
75 creatures vanquished.

Notes
Turn   | Place    | Note
-------+----------+-------------------------------------------
     0 | D:1      | growler the Draconian Conjurer began the quest for the Orb.
     0 | D:1      | Reached XP level 1. HP: 14/14 MP: 3/3
   640 | D:1      | Reached XP level 2. HP: 20/20 MP: 0/5
   643 | D:1      | Learned a level 2 spell: Searing Ray
   954 | D:2      | Noticed Robin
  1032 | D:2      | Killed Robin
  1090 | D:2      | Reached XP level 3. HP: 26/26 MP: 4/7
  1368 | D:2      | Reached XP level 4. HP: 33/33 MP: 3/8
  1375 | D:2      | Learned a level 3 spell: Dazzling Flash
  1634 | D:2      | Reached skill level 5 in Conjurations
  2000 | D:2      | Identified the +0 cloak of Compression {rPois rN+++ Str-4
                  | Int-4}
  2623 | D:3      | Identified the +0 robe of Roigrek {rN+ Int+2 Dex-3
                  | Archmagi}
  2715 | D:3      | Noticed a scorpion
  2722 | D:3      | Killed a scorpion
  2723 | D:3      | Reached XP level 5. HP: 36/38 MP: 1/10
  2870 | D:3      | Learned a level 4 spell: Fulminant Prism
  3113 | D:4      | Noticed Eustachio
  3195 | D:4      | Killed Eustachio
  3196 | D:4      | Reached skill level 6 in Conjurations
  3196 | D:4      | Reached XP level 6. HP: 45/45 MP: 3/12
  3269 | D:4      | Learned a level 4 spell: Iskenderun's Mystic Blast
  3611 | D:4      | You fall into a shaft and drop 2 floors!
  3643 | D:6      | Noticed a steam dragon
  3709 | D:5      | Entered Level 5 of the Dungeon
  4279 | D:5      | Reached skill level 5 in Spellcasting
  4301 | D:5      | Your scales start taking on an icy white colour.
  4301 | D:5      | Reached XP level 7. HP: 50/50 MP: 7/14
  4301 | D:5      | Gained mutation: Your flesh is cold resistant. (rC+) [White
                  | Draconian growth]
  4641 | D:5      | Noticed Edmund
  4688 | D:5      | Mangled by Edmund

Illustrated notes

Levels and vault maps discovered:
D:1:      eino_arrival_water_cross, layout_basic, minmay_splitting_lines,
          minmay_crystal_room
D:2:      layout_loops_cross, minmay_vboxes, uniq_robin
D:3:      layout_basic
D:4:      layout_basic, uniq_eustachio
D:5:      wad_crossroads, layout_loops_corners, nrook_mini_vaults,
          corexii_checkpoint_b, uniq_ijyb, uniq_edmund
D:6:      nicolae_cairo_tiling, layout_basic, nicolae_shop_i_like_big_books,
          chequers_serial_rivers_small_b, uniq_grinder

Skill      XL: |  1  2  3  4  5  6 |
---------------+-------------------+-----
Spellcasting   | 3 4 5 |  5.0
Conjurations   | 5 6 |  6.9
Dodging        | |  1.7
Stealth        | |  1.7

Action                     |  1- 3 |  4- 6 |  7- 9 || total
---------------------------+-------+-------+-------++-------
  Melee: Staff             |    10 |     1 |       ||    11
         Tailslap          |     2 |       |       ||     2
   Cast: Magic Dart        |    49 |   110 |    10 ||   169
         Searing Ray       |     2 |     5 |     3 ||    10
Ability: Breathe Frost     |       |       |     2 ||     2
    Use: Potion            |     1 |       |     1 ||     2
         Scroll            |       |     4 |       ||     4
 Armour: Skin              |    10 |     4 |     4 ||    18
  Dodge: Dodged            |    20 |    14 |    12 ||    46
